 Dungeon Crawl Stone Soup version 0.30-a0-451-ge042605de7 (webtiles) character file.

Game seed: 3584554706426552277

21158 p00ps00p the Cleaver (level 12, -5/115 HPs)
             Began as a Hill Orc Fighter on Dec 12, 2022.
             Was an Initiate of Gozag.
             Slain by a minotaur
             ... wielding a +3 broad axe of electrocution
              (9 damage)
             ... in a Gauntlet.
             The game lasted 00:26:05 (13929 turns).

p00ps00p the Cleaver (Hill Orc Fighter)            Turns: 13929, Time: 00:26:06

Health: -5/115     AC: 23    Str: 28    XL:     12   Next: 87%
Magic:  21/21      EV:  8    Int: 14    God:    Gozag
Gold:   305        SH:  7    Dex:  7    Spells: 11/11 levels left

rFire   . . .      SeeInvis +    a - +0 war axe (venom)
rCold   x . .      Faith    +    H - +1 buckler of the Hunter {+Inv rN+ Will++ Dex-3 Slay+2}
rNeg    + . .      Spirit   .    D - +3 chain mail {rPois}
rPois   +          Reflect  .    r - +2 helmet {SInv}
rElec   .          Harm     .    F - +0 cloak {rPois}
rCorr   .          Rampage  +    s - +0 pair of gloves
Will    ++...      NoTele   +    G - +0 pair of boots {rampage}
Stlth   ..........               w - amulet "Pegykunn" {Faith rC- Str+4}
HPRegen 0.39/turn                l - +4 ring of slaying
MPRegen 0.17/turn                o - ring of the Turtle {MP+9 Int+6}

@: mighty
A: no striking features
a: Renounce Religion, Evoke Invisibility, Potion Petition, Call Merchant, Bribe
Branch


You were in a Gauntlet.
You worshipped Gozag.
Gozag was aware of your devotion.
You visited 2 branches of the dungeon, and saw 14 of its levels.
You also visited: Sewer and Gauntlet.

You collected 2706 gold pieces.
You spent 476 gold pieces at shops.
You paid 1925 gold pieces to Gozag.

Inventory:

Hand Weapons
 a - a +0 war axe of venom (weapon)
 x - a +4 whip
Missiles
 E - a throwing net (quivered)
Armour
 e - a +0 plate armour
 j - a +1 tower shield
 r - a +2 helmet of see invisible (worn)
 s - a +0 pair of gloves (worn)
 D - a +3 chain mail of poison resistance (worn)
 F - a +0 cloak of poison resistance (worn)
 G - a +0 pair of boots of rampaging (worn)
 H - the +1 buckler of the Hunter (worn) {+Inv rN+ Will++ Dex-3 Slay+2}
   (You bought it in a shop on level 13 of the Dungeon)

   Dex:       It affects your dexterity (-3).
   Slay:      It affects your accuracy & damage with ranged weapons and melee
   (+2).
   rN:        It protects you from negative energy.
   +Inv:      It lets you turn invisible.
   Will:      It greatly increases your willpower.
 I - the +0 cloak "Ogocs" {Int+7}
   (You found it in a Gauntlet)

   Int:       It affects your intelligence (+7).
Jewellery
 i - a ring of see invisible
 l - a +4 ring of slaying (left hand)
 o - the ring of the Turtle (right hand) {MP+9 Int+6}
   (You found it on level 10 of the Dungeon)

   [ring of intelligence]

   Int:       It affects your intelligence (+6).
   MP:        It affects your magic capacity (+9).
 w - the amulet "Pegykunn" (around neck) {Faith rC- Str+4}
   (You found it on level 6 of the Dungeon)

   [amulet of faith]

   It allows you to gain divine favour quickly.
   Str:       It affects your strength (+4).
   rC:        It makes you vulnerable to cold.
Wands
 f - a wand of digging (7)
 n - a wand of flame (25)
 q - a wand of polymorph (6)
 B - a wand of paralysis (21)
Scrolls
 c - 4 scrolls of teleportation
 g - 2 scrolls of vulnerability
 y - a scroll of fear
 A - a scroll of brand weapon
Potions
 b - 3 potions of attraction
 d - 2 potions of might
 h - a potion of brilliance {unknown}
 k - a potion of magic
 m - 6 potions of curing
 u - 4 potions of mutation
 v - a potion of flight
 z - 2 potions of cancellation {unknown}
 C - a potion of ambrosia {unknown}


   Skills:
 + Level 13.0 Fighting
 + Level 13.9 Axes
 + Level 12.1 Armour
 + Level 12.1 Shields


You had 11 spell levels left.
You didn't know any spells.
Your spell library contained the following spells:

 Spells                   Type           Power      Damage    Failure   Level
 Apportation              Tloc           0%         N/A       80%         1
 Freeze                   Ice            0%         1d3       80%         1
 Necrotise                Necr           0%         1d4       80%         1
 Sandblast                Erth           0%         2d4       80%         1
 Slow                     Hex            0%         N/A       80%         1
 Sting                    Tmut/Pois      0%         1d3       80%         1
 Summon Small Mammal      Summ           0%         N/A       80%         1
 Blink                    Tloc           0%         N/A       90%         2
 Momentum Strike          Conj/Tloc      0%         3d8       90%         2
 Passwall                 Tmut/Erth      0%         N/A       90%         2
 Poisonous Vapours        Pois/Air       0%         N/A       90%         2
 Confusing Touch          Hex            0%         N/A       99%         3
 Dazzling Flash           Conj/Hex       0%         N/A       99%         3
 Frozen Ramparts          Ice            0%         1d1       99%         3
 Hailstorm                Conj/Ice       0%         3d3       99%         3
 Ignite Poison            Fire/Tmut/Pois 0%         N/A       99%         3
 Kindle Blastsparks       Fire/Tloc/Air  0%         2d10      99%         3
 Lesser Beckoning         Tloc           0%         N/A       99%         3
 Stone Arrow              Conj/Erth      0%         3d7       99%         3
 Summon Guardian Golem    Hex/Summ       0%         N/A       99%         3
 Vampiric Draining        Necr           0%         2d6       99%         3
 Anguish                  Hex/Necr       0%         N/A       100%        4
 Ice Form                 Ice/Tmut       0%         N/A       100%        4
 Olgreb's Toxic Radiance  Pois           0%         N/A       100%        4
 Summon Ice Beast         Ice/Summ       0%         N/A       100%        4
 Agony                    Necr           0%         N/A       100%        5
 Freezing Cloud           Conj/Ice/Air   0%         6-21      100%        5
 Silence                  Hex/Air        0%         N/A       100%        5
 Enfeeble                 Hex            0%         N/A       100%        7
 Orb of Destruction       Conj           0%         9d5       100%        7
 Spellforged Servitor     Conj/Summ      0%         N/A       100%        7


Dungeon Overview and Level Annotations

Branches:
Dungeon (13/15)            Temple (1/1) D:5            Lair (0/5) D:8
    Orc (0/2) D:12          Sewer (visited)         Gauntlet (1/1)
 Vaults: D:13-14

Altars:
Ashenzari
Cheibriados
Dithmenos
Elyvilon
Fedhas
Gozag
Hepliaklqana
Kikubaaqudgha
Makhleb
Nemelex Xobeh
Okawaru
Qazlal
Ru
Sif Muna
Trog
Uskayaw
Vehumet
Wu Jian
Xom
Yredelemnul
Zin
The Shining One

Shops:
D:6 *   D:7 (   D:8 (   D:9 *   D:13 [

Annotations:
D:4 3 runed translucent doors, McMuffin's ghost, amateur HOFi; kurumiz's ghost, amateur TeRe Gauntlet 8 transporters


Message History

The minotaur wields a +3 broad axe of electrocution.
You hear the crackle of electricity.
The minotaur hits you but does no damage.
The minotaur gores you but does no damage.
Read: 2 scrolls of fear
Press: ? - help, Q - select action, (/) - cycle Dir - look around, f - activate Look: a minotaur, wielding a +3 broad axe of electrocution, wearing a +0 plate armour, wearing a +4 ring of protection and quivering silver javelins (moderately wounded, chance to affect: 47%)
As you read the scroll of fear, it crumbles to dust.
You assume a fearsome visage.
The minotaur resists with almost no effort.
You barely miss the minotaur.
The minotaur is moderately wounded.
The minotaur hits you with a +3 broad axe of electrocution!!
* * * LOW HITPOINT WARNING * * *
You block the minotaur's attack.
You hit the minotaur.
The minotaur is moderately wounded.
The minotaur hits you with a +3 broad axe of electrocution.
* * * LOW HITPOINT WARNING * * *
The minotaur gores you!
* * * LOW HITPOINT WARNING * * *
You hit the minotaur but do no damage.
The minotaur is moderately wounded.
The minotaur hits you with a +3 broad axe of electrocution.
* * * LOW HITPOINT WARNING * * *
The minotaur gores you but does no damage.
You feel very mighty all of a sudden.
The minotaur hits you but does no damage.
You block the minotaur's attack.
You slice the minotaur!!
The minotaur looks as sick as possible!
The minotaur is heavily wounded.
The minotaur hits you with a +3 broad axe of electrocution.
* * * LOW HITPOINT WARNING * * *
The minotaur gores you.
* * * LOW HITPOINT WARNING * * *
You slice the minotaur!!
The minotaur looks as sick as possible!
The minotaur is almost dead.
The minotaur hits you with a +3 broad axe of electrocution!
You die...
Your body crumbles into a pile of gold.

##≈.♣.....
#####≈≈...####
#...##≈...#.b. #
#####.♣.###...#!.# #.
........##..♣.#..#
##.##.###.♣.#..P..#©.#
#8..........#.♣...#).#
#.....#.#.©.#.....#hh#
#######@#.#...#.....#tb.
(8/8.8#H..#.©.#.....####
...H..'.###...#..∩......
)8=8.8#...#.©.#.....####
#######.#.#...#.....#YY#
#.....#.#.©.#.....###.
#8..........#.♣...##.#
##.##.###.♣.#..P..#Y.#
#..........##..♣.###.


You could see a minotaur (extremely poisoned).

Vanquished Creatures
  A yaktaur captain (D:10)
  A centaur warrior (D:13)
  5 two-headed ogres
  Lodul (D:11)
  A deep elf pyromancer (D:12)
  3 ugly things
  A cyclops (D:12)
  6 elephants (Gauntlet)
  2 torpor snails (Gauntlet)
  Maurice (D:11)
  Maggie (D:7)
  Psyche (D:11)
  A gargoyle (D:11)
  An unseen horror (D:11)
  An efreet (D:13)
  2 hornets
  A shadow (D:11)
  A vampire (D:12)
  2 wyverns
  20 yaks
  4 wraiths
  2 steam dragons
  3 vampire mosquitoes (D:13)
  Duvessa (D:5)
  An acid dragon (D:9)
  A water moccasin (D:7)
  A sky beast (D:6)
  2 orc warriors
  An ice beast (D:7)
  A black bear (D:8)
  9 ogres (D:11)
  6 wolves (Gauntlet)
  2 centaurs
  A phantom (D:5)
  2 kobold brigands
  Blork the orc (D:4)
  4 scorpions
  7 bullfrogs
  2 necrophages
  3 wights (D:8)
  Dowan (D:5)
  3 killer bees (D:7)
  3 howler monkeys
  4 jellies
  2 gnoll boudas
  8 orc priests
  7 hounds
  Jessica (D:2)
  Natasha (thrice) (D:4)
  5 iguanas
  11 orc wizards
  Robin (D:2)
  14 adders
  11 gnolls
  2 shadow imps (D:6)
  A white imp (D:6)
  2 ufetubi
  3 worms
  4 dart slugs
  27 orcs
  8 bats
  5 endoplasms
  14 giant cockroaches
  11 goblins
  5 hobgoblins
  16 kobolds
  10 quokkas
  9 ball pythons
  10 frilled lizards
  15 rats
323 creatures vanquished.

Vanquished Creatures (others)
  6 withered plants (D:4)
6 creatures vanquished.

Grand Total: 329 creatures vanquished

Notes
Turn   | Place    | Note
-------+----------+-------------------------------------------
     0 | D:1      | p00ps00p the Hill Orc Fighter began the quest for the Orb.
     0 | D:1      | Reached XP level 1. HP: 19/19 MP: 1/1
   201 | D:1      | Reached XP level 2. HP: 26/27 MP: 2/2
   829 | D:1      | Reached XP level 3. HP: 33/33 MP: 3/3
  1095 | D:2      | Noticed Jessica
  1098 | D:2      | Noticed Robin
  1105 | D:2      | Killed Robin
  1106 | D:2      | Reached XP level 4. HP: 32/40 MP: 4/4
  1169 | D:2      | Killed Jessica
  1443 | D:2      | Reached XP level 5. HP: 38/47 MP: 5/5
  1910 | D:3      | Found a broken altar of Ashenzari.
  2169 | D:3      | Found a glowing drain.
  2182 | Sewer    | Entered a sewer
  2225 | Sewer    | Reached skill level 5 in Fighting
  2258 | Sewer    | Reached XP level 6. HP: 56/56 MP: 6/6
  2477 | Sewer    | Reached skill level 5 in Axes
  2763 | D:4      | Reached skill level 5 in Armour
  2763 | D:4      | Reached skill level 5 in Shields
  2805 | D:4      | Reached XP level 7. HP: 61/61 MP: 7/7
  2824 | D:4      | Noticed Natasha
  2828 | D:4      | Killed Natasha
  2911 | D:4      | Noticed Blork the orc
  2918 | D:4      | Killed Blork the orc
  2994 | D:4      | Noticed Natasha
  3001 | D:4      | Killed Natasha
  3279 | D:4      | Noticed Natasha
  3292 | D:4      | Killed Natasha
  3423 | D:4      | Found a runed translucent gate.
  3423 | D:4      | Found a runed translucent gate.
  3423 | D:4      | Found a runed translucent gate.
  3426 | D:4      | Noticed kurumiz's ghost (amateur TeRe)
  3426 | D:4      | Noticed McMuffin's ghost (amateur HOFi)
  3789 | D:5      | Entered Level 5 of the Dungeon
  3857 | D:5      | Found a staircase to the Ecumenical Temple.
  3870 | D:5      | Reached XP level 8. HP: 71/71 MP: 8/8
  3873 | Temple   | Entered the Ecumenical Temple
  3910 | Temple   | Became a worshipper of Gozag Ym Sagoz the Greedy
  4294 | D:5      | Noticed Dowan
  4295 | D:5      | Noticed Duvessa
  4302 | D:5      | Killed Duvessa
  4303 | D:5      | Killed Dowan
  4732 | D:6      | Reached XP level 9. HP: 71/79 MP: 9/9
  4830 | D:6      | Found an iron altar of Okawaru.
  5034 | D:6      | Identified the amulet "Pegykunn" {Faith rC- Str+4}
  5044 | D:6      | Found Hiom's General Store.
  5158 | D:6      | Noticed a moth of wrath
  5162 | D:6      | Found a bloodstained altar of Trog.
  5468 | D:7      | Found Johic's Weapon Shoppe.
  5596 | D:7      | Noticed a hornet
  5599 | D:7      | Paralysed by a hornet for 3 turns
  5605 | D:7      | Killed a hornet
  5861 | D:7      | Identified the +1 robe of Worosy {Str+4}
  5929 | D:7      | Found a glowing silver altar of Zin.
  5944 | D:7      | Found a hide-covered altar of Uskayaw.
  6264 | D:8      | Noticed Maggie
  6280 | D:7      | Killed Maggie
  6628 | D:8      | Reached XP level 10. HP: 75/91 MP: 10/10
  7194 | D:8      | Found a staircase to the Lair.
  7701 | D:9      | You fall into a shaft and drop 2 floors!
  7724 | D:11     | Reached skill level 10 in Axes
  7804 | D:10     | Entered Level 10 of the Dungeon
  7820 | D:10     | Noticed a two-headed ogre
  7837 | D:10     | Killed a two-headed ogre
  7838 | D:10     | Reached skill level 10 in Fighting
  7845 | D:10     | Identified the +1 robe of Divine Compulsion {rN++}
  8336 | D:10     | Found a basalt altar of Yredelemnul.
  8359 | D:10     | Reached XP level 11. HP: 96/101 MP: 11/11
  8432 | D:10     | Found a hazy altar of Hepliaklqana.
  8475 | D:10     | Noticed a yaktaur captain
  8482 | D:10     | Killed a yaktaur captain
  8487 | D:10     | Identified the ring of the Turtle {MP+9 Int+6}
  8800 | D:9      | Reached skill level 10 in Shields
  8801 | D:9      | Reached skill level 10 in Armour
  9512 | D:9      | Paralysed by a hornet for 3 turns
 10018 | D:11     | Noticed Maurice
 10032 | D:11     | Killed Maurice
 10195 | D:11     | Noticed a two-headed ogre
 10234 | D:11     | Noticed a two-headed ogre
 10240 | D:11     | Killed a two-headed ogre
 10317 | D:11     | Noticed Lodul
 10326 | D:11     | Noticed Psyche
 10332 | D:11     | Killed Lodul
 10344 | D:11     | Killed Psyche
 11006 | D:11     | Found a hazy altar of Hepliaklqana.
 11062 | D:12     | Noticed a purple ugly thing
 11069 | D:12     | Killed a purple ugly thing
 11237 | D:12     | Reached XP level 12. HP: 103/112 MP: 12/12
 11905 | D:12     | Noticed a two-headed ogre
 11916 | D:12     | Killed a two-headed ogre
 11998 | D:12     | Noticed a two-headed ogre
 12007 | D:12     | Killed a two-headed ogre
 12155 | D:12     | Found a staircase to the Orcish Mines.
 12382 | D:12     | Found a glowing silver altar of Zin.
 12382 | D:12     | Noticed an angel
 12531 | D:12     | Killed a two-headed ogre
 12812 | D:13     | Noticed a centaur warrior
 12823 | D:13     | Killed a centaur warrior
 12841 | D:13     | Bought a pair of embroidered boots for 210 gold pieces
 12841 | D:13     | Bought a distressingly furry buckler for 266 gold pieces
 12841 | D:13     | Identified the +1 buckler of the Hunter {+Inv rN+ Will++
                  | Dex-3 Slay+2} (You bought it in a shop on level 13 of the
                  | Dungeon)
 12877 | D:13     | Found a gate leading to a gauntlet.
 12887 | Gauntlet | Entered a Gauntlet
 12887 | Gauntlet | Found a transporter.
 12992 | Gauntlet | Found a transporter.
 13003 | Gauntlet | Found a transporter.
 13006 | Gauntlet | Found a transporter.
 13016 | Gauntlet | Found a transporter.
 13032 | Gauntlet | Found a transporter.
 13044 | Gauntlet | Found a transporter.
 13050 | Gauntlet | Noticed a dire elephant
 13051 | Gauntlet | Found a transporter.
 13062 | Gauntlet | Found a transporter.
 13087 | Gauntlet | Found a transporter.
 13091 | Gauntlet | Found a transporter.
 13144 | Gauntlet | Found a transporter.
 13147 | Gauntlet | Found a transporter.
 13157 | Gauntlet | Found a transporter.
 13631 | Gauntlet | Identified the +0 cloak "Ogocs" {Int+7}
 13907 | Gauntlet | Identified the +9 arbalest "Yshratukk" {flame, rC+}
 13907 | Gauntlet | Noticed a minotaur
 13928 | Gauntlet | HP: 3/115 [minotaur/+3 broad axe of electrocution (6)]
 13929 | Gauntlet | Slain by a minotaur

Illustrated notes

Levels and vault maps discovered:
D:1:      minmay_arrival_semitransparent, layout_loops_ring
D:2:      layout_loops_ring, uniq_robin, uniq_jessica
D:3:      layout_rooms, ashenzari_altar_1, portal_sewer_entry_d
D:4:      layout_rooms, gammafunk_ghost_cemetery, uniq_blork_the_orc,
          uniq_natasha
D:5:      layout_basic, temple_fountains, serial_park_tiny_2, uniq_duvessa
D:6:      layout_loops_ring, okawaru_gym_becter, tgw_trog, serial_shops, shop,
          st_stairs_9
D:7:      layout_cave_pools, jmf_multi_god_temple, serial_shops,
          nicolae_shop_bloodbath_and_beyond
D:8:      layout_cave_pools, lair_entry_dummy, kennysheep_flooded_box,
          nicolae_kite_square_tiling_tiny, grunt_ministairs_12,
          minmay_misc_feat_iff, uniq_maggie
D:9:      layout_basic
D:10:     layout_rooms, mainiacjoe_overflow_alcove_4,
          mainiacjoe_overflow_tiny_flanked, kennysheep_just_a_vault
D:11:     layout_loops_ring, dk_noncrumbling_2,
          worldfamousw_hep_ancestral_shrine, uniq_lodul, uniq_psyche,
          uniq_maurice
D:12:     layout_cave_pods, zin_angel
D:13:     layout_stronghold, gauntlet_entry_generic
Temple:   hellmonk_temple_of_storms
Gauntlet: minmay_gauntlet_77_tree [minmay_gauntlet_arena_77_two_lines,
          minmay_gauntlet_arena_77_p_blocks, minmay_gauntlet_arena_77_mirror,
          minmay_gauntlet_arena_77_radiant_squares,
          minmay_gauntlet_arena_77_tiled_triplets,
          minmay_gauntlet_arena_77_chump_sandwich,
          minmay_gauntlet_arena_77_checkered,
          nicolae_gauntlet_exit_dead_adventurers]

Skill      XL: |  1  2  3  4  5  6  7  8  9 10 11 12 |
---------------+-------------------------------------+-----
Axes           | 3 4 5 6 7 9 11 12 13 | 13.9
Fighting       | 4 5 6 7 9 10 11 13 | 13.0
Armour         | 4 5 6 8 9 10 12 | 12.1
Shields        | 4 5 6 8 9 11 12 | 12.1

Action                   |  1- 3 |  4- 6 |  7- 9 | 10-12 || total
-------------------------+-------+-------+-------+-------++-------
Melee: War axe           |    94 |   160 |   221 |   419 ||   894
       Unarmed           |       |       |     5 |       ||     5
Invok: Call Merchant     |       |       |       |     3 ||     3
Evoke: Wand              |       |       |       |    12 ||    12
  Use: Scroll            |     4 |     4 |     8 |    12 ||    28
       Potion            |       |     1 |     2 |     9 ||    12
 Stab: Distracted        |       |       |     1 |     2 ||     3
Armor: Plate armour      |    78 |   101 |   112 |    36 ||   327
       Chain mail        |       |       |       |   175 ||   175
Dodge: Dodged            |     7 |    10 |    23 |    85 ||   125
Block: Buckler           |    16 |       |       |    26 ||    42
       Tower shield      |    28 |   121 |   173 |   295 ||   617

Table legend: (Time is in decaauts)
 A = Elapsed time spent in this place.
 B = Non-inter-level travel time spent in this place.
 C = Inter-level travel time spent in this place.
 D = Time resting spent in this place.
 E = Time spent auto-exploring this place.
 F = Levels seen in this place.
 G = Mean time per level.
                   A        B        C        D        E       F      G
               +--------+--------+--------+--------+--------+-----+--------+
         Total |  14344 |  13948 |    396 |   2693 |   8268 |  16 |  896.5 |
       Dungeon |  12602 |  12215 |    387 |   2247 |   7542 |  13 |  969.4 |
        Temple |     46 |     37 |      9 |      0 |     22 |   1 |   46.0 |
         Sewer |    656 |    656 |      0 |      0 |    390 |   1 |  656.0 |
      Gauntlet |   1039 |   1039 |      0 |    446 |    313 |   1 | 1039.0 |
               +--------+--------+--------+--------+--------+-----+--------+

Top non-repeatable levels by time:
     D:8: 1446 daAuts
    D:12: 1342 daAuts
    D:11: 1306 daAuts
     D:9: 1120 daAuts
     D:4: 1067 daAuts
    D:10: 1044 daAuts
Gauntlet: 1039 daAuts
     D:1: 1005 daAuts
     D:7: 998 daAuts
     D:5: 898 daAuts
     D:2: 832 daAuts
     D:6: 779 daAuts
   Sewer: 656 daAuts
     D:3: 511 daAuts
    D:13: 247 daAuts
